 Dungeon Crawl Stone Soup version 0.30-a0-636-g200c5c4a83 (webtiles) character file.

Game seed: 4021479508127466186

3606 Fenrisus the Cleaver (level 10, -1/86 HPs)
             Began as a Hill Orc Fighter on Jan 15, 2023.
             Was a Believer of Beogh.
             Slain by a cyan ugly thing (10 damage)
             ... on level 9 of the Dungeon.
             The game lasted 01:01:20 (9022 turns).

Fenrisus the Cleaver (Hill Orc Fighter)             Turns: 9022, Time: 01:01:21

Health: -1/86      AC:  9    Str: 30    XL:     10   Next: 11%
Magic:  10/10      EV: 11    Int:  8    God:    Beogh [**....]
Gold:   435        SH:  0    Dex: 10    Spells: 9/9 levels left

rFire   . . .      SeeInvis +    d - +1 war axe (elec)
rCold   . . .      Faith    .    t - orb {mayhem}
rNeg    . . .      Spirit   .    o - +0 ring mail {Will+}
rPois   .          Reflect  .    (no helmet)
rElec   .          Harm     .    a - +0 cloak
rCorr   .          Rampage  .    e - +0 pair of gloves
Will    +....                    (no boots)
Stlth   +                        w - amulet of magic regeneration
HPRegen 0.34/turn                b - +6 ring of strength
MPRegen 0.52/turn                m - ring of see invisible

@: no status effects
A: no striking features
a: Renounce Religion, Smiting


You were on level 9 of the Dungeon.
You worshipped Beogh.
Beogh was pleased with you.
You visited 2 branches of the dungeon, and saw 10 of its levels.

You collected 435 gold pieces.

Inventory:

Hand Weapons
 d - a +1 war axe of electrocution (weapon)
 q - the +9 mace of Tender Mercy {venom, rElec rN++}
   (You found it on level 5 of the Dungeon)

   rElec:     It insulates you from electricity.
   rN:        It greatly protects you from negative energy.
 v - the +10 dagger "Demon's Undoing" {pain, SInv}
   (You found it on level 7 of the Dungeon)

   SInv:      It lets you see invisible.
Armour
 a - a +0 cloak (worn)
 e - a +0 pair of gloves (worn)
 j - a +1 scale mail of fire resistance
 o - a +0 ring mail of willpower (worn)
 t - an orb of mayhem (worn)
Jewellery
 b - a +6 ring of strength (left hand)
 i - a ring of fire
 m - a ring of see invisible (right hand)
 n - a ring of fire
 s - a ring of magical power
 w - an amulet of magic regeneration (around neck)
 A - a ring of magical power
Scrolls
 c - a scroll of amnesia
 y - a scroll of blinking
Potions
 g - a potion of flight
 h - 2 potions of attraction
 l - a potion of heal wounds {unknown}
 p - a potion of ambrosia
 r - a potion of mutation
 x - a potion of brilliance {unknown}
 z - a potion of experience {unknown}


   Skills:
 + Level 7.0 Fighting
 * Level 13.6 Axes
 + Level 7.4 Armour
 - Level 1.4 Dodging
 - Level 2.0 Stealth
 * Level 4.9 Shields
 - Level 2.6 Evocations


You had 9 spell levels left.
You didn't know any spells.
Your spell library contained the following spells:

 Spells                   Type           Power      Damage    Failure   Level
 Summon Small Mammal      Summ           0%         N/A       52%         1
 Passwall                 Tmut/Erth      0%         N/A       65%         2
 Call Canine Familiar     Summ           0%         N/A       87%         3
 Ignite Poison            Fire/Tmut/Pois 0%         N/A       87%         3
 Kindle Blastsparks       Fire/Tloc/Air  0%         2d10      87%         3
 Summon Guardian Golem    Hex/Summ       0%         N/A       87%         3
 Cause Fear               Hex            0%         N/A       99%         4
 Freezing Cloud           Conj/Ice/Air   0%         6-21      100%        5


Dungeon Overview and Level Annotations

Branches:
Dungeon (9/15)             Temple (1/1) D:6
   Lair: D:8-11         Orc: D:9-12

Altars:
Ashenzari
Cheibriados
Dithmenos
Elyvilon
Fedhas
Gozag
Hepliaklqana
Kikubaaqudgha
Makhleb
Nemelex Xobeh
Okawaru
Ru
Sif Muna
Trog
Uskayaw
Vehumet
Wu Jian
Xom
Yredelemnul
Zin
The Shining One

Shops:
D:5 [


Message History

The cyan ugly thing gores you but does no damage.
You slash the cyan ugly thing!
The cyan ugly thing is heavily wounded.
You closely miss the cyan ugly thing.
The cyan ugly thing is heavily wounded.
The cyan ugly thing barely misses you.
You hit the cyan ugly thing.
The cyan ugly thing is heavily wounded.
The cyan ugly thing gores you but does no damage.
You barely miss the cyan ugly thing.
The cyan ugly thing is heavily wounded.
The cyan ugly thing gores you! The cyan ugly thing shocks you!
You are too injured to fight recklessly!
You are too injured to fight recklessly!
You are too injured to fight recklessly!
As you read the scroll of fog, it crumbles to dust.
The scroll dissolves into smoke.
The cyan ugly thing closely misses you.
You are too injured to fight recklessly!
You are too injured to fight recklessly!
You are too injured to fight recklessly!
You are too injured to fight recklessly!
You hit the cyan ugly thing.
The cyan ugly thing is heavily wounded.
The cyan ugly thing gores you. The cyan ugly thing shocks you!
* * * LOW HITPOINT WARNING * * *
You hit the cyan ugly thing.
The cyan ugly thing is heavily wounded.
The cyan ugly thing barely misses you.
You barely miss the cyan ugly thing.
The cyan ugly thing is heavily wounded.
You slash the cyan ugly thing!
The cyan ugly thing is severely wounded.
The cyan ugly thing gores you.
* * * LOW HITPOINT WARNING * * *
The cyan ugly thing shocks you!
* * * LOW HITPOINT WARNING * * *
You hit the cyan ugly thing but do no damage.
The cyan ugly thing is severely wounded.
The cyan ugly thing gores you!
You die...

#.#.#.....
#.#.##.#.. #[#.#
..## #.#.# .#
.....#.# #.#.# #
#....... #[#.#
#..u..#. #§#.#
#....... #u#.#
........ #@#.#
#....... #§#.#
##....... #§#.#
###........
#[#.####.u........
##......C.##.......
#....#######.......
##.#># ########
###.#.####
##...#....##


You could see a cyan ugly thing.

Vanquished Creatures
  A cyclops (D:8)
  A steam dragon (D:6)
  A human (D:9)
  Menkaure (D:6)
  A water moccasin (D:5)
  Duvessa (D:7)
  2 swamp drakes
  An ice beast (D:6)
  A sky beast (D:7)
  An ogre (D:3)
  A phantom (D:4)
  3 centaurs
  A kobold brigand (D:7)
  4 bullfrogs
  2 necrophages
  A gnoll sergeant (D:6)
  4 scorpions
  Dowan (D:7)
  2 wights (D:6)
  6 killer bees (D:8)
  3 jellies
  3 orc priests
  3 hounds
  Terence (D:2)
  Natasha (thrice) (D:3)
  An iguana (D:5)
  5 orc wizards
  5 adders
  8 gnolls
  A white imp (D:7)
  A worm (D:2)
  A dart slug (D:2)
  15 orcs
  4 endoplasms
  7 hobgoblins
  4 jackals (D:1)
  4 quokkas
  3 ball pythons
  3 frilled lizards
  15 kobolds
  4 rats
130 creatures vanquished.

Vanquished Creatures (collateral kills)
  An ice beast (D:8)
  An orc (D:8)
2 creatures vanquished.

Vanquished Creatures (others)
  A hound (D:6)
  An orc wizard (D:4)
  An orc (D:9)
3 creatures vanquished.

Grand Total: 135 creatures vanquished

Notes
Turn   | Place    | Note
-------+----------+-------------------------------------------
     0 | D:1      | Fenrisus the Hill Orc Fighter began the quest for the Orb.
     0 | D:1      | Reached XP level 1. HP: 19/19 MP: 1/1
   295 | D:1      | Reached XP level 2. HP: 27/27 MP: 2/2
   333 | D:1      | Reached skill level 3 in Axes
   996 | D:2      | Noticed Terence
  1003 | D:2      | Killed Terence
  1004 | D:2      | Reached XP level 3. HP: 20/33 MP: 3/3
  1310 | D:2      | Reached skill level 4 in Axes
  1310 | D:2      | Reached XP level 4. HP: 40/41 MP: 4/4
  2150 | D:3      | Noticed Natasha
  2150 | D:3      | Noticed an ogre
  2554 | D:3      | Killed an ogre
  2555 | D:3      | Reached skill level 5 in Axes
  2555 | D:3      | Reached skill level 1 in Dodging
  2555 | D:3      | Reached XP level 5. HP: 26/47 MP: 5/5
  2603 | D:3      | Killed Natasha
  2664 | D:3      | Noticed Natasha
  2699 | D:3      | Killed Natasha
  2700 | D:3      | Reached XP level 6. HP: 36/53 MP: 6/6
  2836 | D:3      | Noticed Natasha
  2842 | D:3      | Killed Natasha
  3694 | D:4      | Became a worshipper of Beogh the Brigand
  4078 | D:5      | Entered Level 5 of the Dungeon
  4088 | D:5      | Reached skill level 6 in Axes
  4123 | D:4      | Reached skill level 5 in Armour
  4123 | D:4      | Reached XP level 7. HP: 46/60 MP: 7/7
  4192 | D:5      | Reached skill level 5 in Fighting
  4192 | D:5      | Reached skill level 7 in Axes
  4244 | D:5      | Identified the +9 mace of Tender Mercy {venom, rElec rN++}
  4355 | D:5      | Found Fifrom Gure's Armour Boutique.
  4516 | D:5      | Reached skill level 8 in Axes
  4579 | D:5      | Reached XP level 8. HP: 68/68 MP: 8/8
  4997 | D:6      | Reached skill level 9 in Axes
  5000 | D:6      | Noticed Menkaure
  5151 | D:6      | Reached skill level 1 in Stealth
  5182 | D:6      | Found a basalt altar of Yredelemnul.
  5187 | D:6      | Found a hazy altar of Hepliaklqana.
  5189 | D:6      | Found a glowing silver altar of Zin.
  5192 | D:6      | Found a bloodstained altar of Trog.
  5276 | D:6      | Killed Menkaure
  5493 | D:6      | Found a staircase to the Ecumenical Temple.
  5506 | D:6      | Reached skill level 10 in Axes
  5520 | Temple   | Entered the Ecumenical Temple
  5881 | D:7      | Reached skill level 11 in Axes
  5881 | D:7      | Reached XP level 9. HP: 75/75 MP: 9/9
  5882 | D:7      | Reached * piety under Beogh
  6080 | D:7      | Reached skill level 12 in Axes
  6330 | D:7      | Noticed Dowan
  6451 | D:7      | Killed Dowan
  6461 | D:7      | Noticed Duvessa
  6478 | D:7      | Killed Duvessa
  6479 | D:7      | Reached skill level 1 in Evocations
  6617 | D:7      | Found an ancient bone altar of Kikubaaqudgha.
  6706 | D:7      | Identified the +10 dagger "Demon's Undoing" {pain, SInv}
  7708 | D:8      | Found a broken altar of Ashenzari.
  7709 | D:8      | Found an opulent altar of Gozag.
  7709 | D:8      | Found a shadowy altar of Dithmenos.
  7709 | D:8      | Found an iron altar of Okawaru.
  7715 | D:8      | Reached ** piety under Beogh
  7727 | D:8      | Found a white marble altar of Elyvilon.
  7727 | D:8      | Found a snail-covered altar of Cheibriados.
  7915 | D:8      | Got the Catalogue of Transmigration and Hexes
  8106 | D:9      | Reached skill level 13 in Axes
  8199 | D:9      | Noticed a troll
  8199 | D:9      | Noticed a cyan ugly thing
  8366 | D:9      | a troll changed into a human
  8461 | D:9      | Reached XP level 10. HP: 71/84 MP: 10/10
  8511 | D:9      | Noticed a cyclops
  8803 | D:8      | Killed a cyclops
  9022 | D:9      | Slain by a cyan ugly thing

Illustrated notes

Levels and vault maps discovered:
D:1:      heliophobic_arrival_dark_side_of_the_moon, layout_loops_corners
D:2:      layout_loops_ring, uniq_terence
D:3:      layout_loops_corners, minmay_cupped, uniq_natasha
D:4:      layout_gridville
D:5:      layout_cave_pools, serial_shops, nicolae_shop_behind_doors,
          water_maze_lemuel
D:6:      layout_loops_cross, minitemple, minmay_temple_entry_mist,
          uniq_menkaure
D:7:      layout_rooms, mainiacjoe_overflow_small_starburst, uniq_duvessa
D:8:      layout_loops_corners, minmay_overflow_temple_hex
D:9:      minmay_the_grid_four_pointed_star_mashed
          [minmay_the_grid_triangle_9x9_negative_grid,
          minmay_the_grid_triangle_9x9_sprig,
          minmay_the_grid_triangle_9x9_zippers_vertical,
          minmay_the_grid_triangle_9x9_dagger,
          minmay_the_grid_prize_four_corners], layout_rooms,
          grunt_qazlal_clouds, lair_entry_dummy, minmay_misc_feat_rows,
          minmay_misc_feat_diagonals, hangedman_decor_diamond_cutter,
          kennysheep_dice
Temple:   eino_temple_lava

Skill      XL: |  1  2  3  4  5  6  7  8  9 10 |
---------------+-------------------------------+-----
Fighting       | 4 5 6 7 |  7.0
Axes           | 3 4 5 6 8 11 13 | 13.6
Armour         | 4 5 6 7 |  7.4
Dodging        | 1 |  1.4
Shields        | 4 |  4.9
Stealth        | 1 2 |  2.0
Evocations     | 2 |  2.6

Action                   |  1- 3 |  4- 6 |  7- 9 | 10-12 || total
-------------------------+-------+-------+-------+-------++-------
Melee: War axe           |    89 |   117 |   191 |    21 ||   418
Invok: Convert to Beogh  |       |     1 |       |       ||     1
Evoke: Wand              |       |     2 |    44 |     4 ||    50
  Use: Potion            |     1 |     5 |     7 |     1 ||    14
       Scroll            |     3 |     8 |    12 |     1 ||    24
 Stab: Paralysed         |       |     2 |     1 |       ||     3
       Distracted        |       |       |     1 |       ||     1
Armor: Scale mail        |    13 |    52 |     6 |       ||    71
       Chain mail        |    21 |       |       |       ||    21
       Ring mail         |       |       |    86 |     3 ||    89
Dodge: Dodged            |    32 |    46 |   142 |     6 ||   226
Block: Buckler           |    30 |    24 |       |       ||    54

Table legend: (Time is in decaauts)
 A = Elapsed time spent in this place.
 B = Non-inter-level travel time spent in this place.
 C = Inter-level travel time spent in this place.
 D = Time resting spent in this place.
 E = Time spent auto-exploring this place.
 F = Levels seen in this place.
 G = Mean time per level.
                   A        B        C        D        E       F      G
               +--------+--------+--------+--------+--------+-----+--------+
         Total |   9124 |   3934 |   5190 |   2635 |      0 |  10 |  912.4 |
       Dungeon |   9089 |   3932 |   5157 |   2635 |      0 |   9 | 1009.9 |
        Temple |     34 |      1 |     33 |      0 |      0 |   1 |   34.0 |
               +--------+--------+--------+--------+--------+-----+--------+

Top non-repeatable levels by time:
     D:8: 1566 daAuts
     D:4: 1234 daAuts
     D:7: 1175 daAuts
     D:2: 1121 daAuts
     D:3: 1024 daAuts
     D:6: 940 daAuts
     D:5: 865 daAuts
     D:1: 832 daAuts
     D:9: 330 daAuts
  Temple: 34 daAuts
